 Dungeon Crawl Stone Soup version 0.21.0-25-ge575cb9 (webtiles) character file.

443 tidbits the Firebug (level 7, -5/50 HPs)
             Began as a Gnoll Fire Elementalist on Jan 24, 2018.
             Slain by a wight
             ... wielding a cursed +0 halberd
              (10 damage)
             ... on level 4 of the Dungeon.
             The game lasted 00:06:52 (519 turns).

tidbits the Firebug (Gnoll Fire Elementalist)        Turns: 519, Time: 00:06:52

Health: -5/50      AC:  3    Str: 10    XL:     7   Next: 2%
Magic:  2/15       EV: 14    Int: 25    God:
Gold:   70         SH:  0    Dex: 15    Spells: 8/16 levels left

rFire    . . .     SeeInvis .   d - +1 spear (venom)
rCold    . . .     Gourm    .   (no shield)
rNeg     . . .     Faith    .   B - +0 leather armour (curse)
rPois    .         Spirit   .   (no helmet)
rElec    .         Reflect  .   (no cloak)
rCorr    .         Harm     .   (no gloves)
MR       .....                  (no boots)
Stlth    ++++......             (no amulet)
HPRegen  0.16/turn              m - ring of stealth
MPRegen  0.14/turn              (no ring)

@: brilliant, berserk cooldown, slowed, drained, very slow
A: distributed training, fangs 1, strong nose
a: no special abilities


You were on level 4 of the Dungeon.
You were full.

You visited 2 branches of the dungeon, and saw 5 of its levels.

You collected 70 gold pieces.

Inventory:

Hand Weapons
 d - a +1 spear of venom (weapon)
   (You found it on level 1 of the Dungeon)
 i - a +0 dagger
Armour
 a - a +0 robe
 B - a cursed +0 leather armour (worn)
Jewellery
 m - a ring of stealth (left hand)
   (You found it on level 3 of the Dungeon)
Scrolls
 n - a scroll of enchant weapon {unknown}
Potions
 g - 2 potions of lignification
 l - a potion of heal wounds
Books
 b - a book of Flames

   Spells                             Type                      Level
   a - Flame Tongue                   Conjuration/Fire             1
   b - Throw Flame                    Conjuration/Fire             2
   c - Conjure Flame                  Conjuration/Fire             3
   d - Inner Flame                    Hexes/Fire                   3
   e - Sticky Flame                   Conjuration/Fire             4
   f - Fireball                       Conjuration/Fire             5
Comestibles
 c - 4 rations


   Skills:
 + Level 2.1(1.9) Fighting
 + Level 2.1(1.9) Short Blades
 + Level 2.1(1.9) Long Blades
 + Level 2.1(1.9) Axes
 + Level 2.1(1.9) Maces & Flails
 + Level 2.1(1.9) Polearms
 + Level 2.1(1.9) Staves
 + Level 2.1(1.9) Slings
 + Level 2.1(1.9) Bows
 + Level 2.1(1.9) Crossbows
 + Level 2.1(1.9) Throwing
 + Level 2.1(1.9) Armour
 + Level 5.1(4.8) Dodging
 + Level 4.7(4.4) Stealth
 + Level 2.1(1.9) Shields
 + Level 2.1(1.9) Unarmed Combat
 + Level 5.4(5.1) Spellcasting
 + Level 2.7(2.5) Conjurations
 + Level 1.7(1.4) Hexes
 + Level 1.7(1.4) Charms
 + Level 1.7(1.4) Summonings
 + Level 1.7(1.4) Necromancy
 + Level 1.7(1.4) Translocations
 + Level 1.7(1.4) Transmutations
 + Level 5.7(5.4) Fire Magic
 + Level 1.7(1.4) Ice Magic
 + Level 1.7(1.4) Air Magic
 + Level 1.7(1.4) Earth Magic
 + Level 1.7(1.4) Poison Magic
 + Level 2.4(2.1) Invocations
 + Level 2.1(1.9) Evocations


You had 8 spell levels left.
You knew the following spells:

 Your Spells              Type           Power        Failure   Level  Hunger
a - Flame Tongue          Conj/Fire      #####        1%          1    None
c - Conjure Flame         Conj/Fire      #####...     1%          3    ##.....
t - Sticky Flame          Conj/Fire      #####...     2%          4    ####...


Dungeon Overview and Level Annotations

Branches:
Dungeon (4/15)             Temple (1/1) D:4

Altars:
Ashenzari
Dithmenos
Elyvilon
Fedhas
Hepliaklqana
Kikubaaqudgha
Nemelex Xobeh
Okawaru
Qazlal
Ru
Sif Muna
Uskayaw
Wu Jian
Xom
Yredelemnul
The Shining One


Innate Abilities, Weirdness & Mutations

Your experience applies equally to all skills.
You have very sharp teeth.
Your uncanny sense of smell can sniff out nearby items.


Message History

The wight hits you with an enchanted scimitar.
* * * LOW HITPOINT WARNING * * *
The adder bites you but does no damage. The wight barely misses you.
You barely miss the wight.
The wight is severely damaged.
You feel less wooden.
Your cursed +0 leather armour unmelds from your body.
The adder bites you.
* * * LOW HITPOINT WARNING * * *
The orc completely misses you.
You are too berserk!
There are no items here.
Unknown command.
Unknown command.
You are too berserk!
Unknown command.
You barely miss the wight.
The wight is severely damaged.
The wight misses you.
The wight barely misses you. x2; The adder misses you.
You barely miss the wight.
The wight is severely damaged.
You hear some strange, mumbled words.
The orc hits you with a club.
* * * LOW HITPOINT WARNING * * *
The wight closely misses you.
You puncture the wight!
You destroy the wight!
The adder closely misses you. The wight hits you but does no damage.
You puncture the wight!
The wight is heavily damaged.
The adder closely misses you. The orc misses you. The wight misses you.
You puncture the wight!
You destroy the wight!
You have reached level 7!
The adder barely misses you. Something hits you.
* * * LOW HITPOINT WARNING * * *
Attack whom?
Press: ? - help, Dir - move target cursor, f - wight
Aim: a wight, wielding a halberd and wearing a robe You reach to attack!
You barely miss the wight. The orc closely misses you.
Something barely misses you. The adder bites you but does no damage.
The wight hits you from afar with a halberd.
* * * LOW HITPOINT WARNING * * *
You feel drained.
* * * LOW HITPOINT WARNING * * *
Attack whom?
Press: ? - help, Dir - move target cursor, f/p - wight
Aim: a wight, wielding a halberd and wearing a robe You reach to attack!
You hit the wight.
The wight is moderately damaged.
You hear some strange, mumbled words.
A puff of flame appears from out of thin air!
The puff of flame misses you. The orc closely misses you.
The adder closely misses you.
Attack whom?
Press: ? - help, Dir - move target cursor, f/p - wight
Aim: a wight, wielding a halberd and wearing a robe (moderately damaged)
You reach to attack!
You hit the wight.
The wight is heavily damaged.
Something barely misses you. The wight closely misses you. The adder bites you.
* * * LOW HITPOINT WARNING * * *
Attack whom?
Press: ? - help, Dir - move target cursor, f/p - wight
Aim: a wight, wielding a halberd and wearing a robe (heavily damaged)
You reach to attack!
You hit the wight.
The wight is severely damaged.
The orc barely misses you. Something hits you.
* * * LOW HITPOINT WARNING * * *
The adder closely misses you.
Attack whom?
Press: ? - help, Dir - move target cursor, f/p - wight
Aim: a wight, wielding a halberd and wearing a robe (severely damaged)
You reach to attack!
You closely miss the wight.
The wight is severely damaged.
The wight misses you.
You hear some strange, mumbled words.
A puff of flame appears from out of thin air!
The puff of flame hits you!
* * * LOW HITPOINT WARNING * * *
The orc barely misses you.
Attack whom?
Press: ? - help, Dir - move target cursor, f/p - wight
Aim: a wight, wielding a halberd and wearing a robe (severely damaged)
You reach to attack!
You barely miss the wight.
The wight is severely damaged.
The adder barely misses you. Something hits you.
* * * LOW HITPOINT WARNING * * *
Attack whom?
Press: ? - help, Dir - move target cursor, f/p - wight
Aim: a wight, wielding a halberd and wearing a robe (severely damaged)
You reach to attack!
You barely miss the wight.
The wight is severely damaged.
You are no longer berserk.
You are exhausted.
You feel yourself slow down.
The wight hits you from afar with a halberd!
You die...

##.## ..#
#####.####..#...
###...........#.?.
........).........
.##.#.#.#.#.#.#...
# #.............
#.#.#....z..#...
#.#....))).....#
#...#..)@)..#...
#......)oS.....#
.##.#.#.......#...
.................#
.###..#.#.#.#.#...
.. ##...........##
# ##.##########
#.# #.#


You could see a wight, an adder and an orc.

Vanquished Creatures
  Duvessa (D:4)
  Blork the orc (D:4)
  Dowan (D:4)
  3 wights (D:4)
  A hound (D:4)
  An orc wizard (D:4)
  A worm (D:2)
  2 leopard geckos
  An orc (D:3)
  2 bats
  3 goblins
  5 hobgoblins
  4 kobolds
  2 frilled lizards
  3 rats
31 creatures vanquished.

Notes
Turn   | Place    | Note
-------+----------+-------------------------------------------
     0 | D:1      | tidbits the Gnoll Fire Elementalist began the quest for the Orb.
     0 | D:1      | Reached XP level 1. HP: 13/13 MP: 6/6
    54 | D:1      | Reached skill level 2 in Conjurations
    73 | D:1      | Reached XP level 2. HP: 19/19 MP: 4/7
   204 | D:2      | Reached XP level 3. HP: 17/25 MP: 3/9
   206 | D:2      | Reached skill level 5 in Spellcasting
   212 | D:2      | Found a blossoming altar of Fedhas.
   367 | D:4      | Reached skill level 1 in Fighting
   367 | D:4      | Reached skill level 1 in Short Blades
   367 | D:4      | Reached skill level 1 in Long Blades
   367 | D:4      | Reached skill level 1 in Axes
   367 | D:4      | Reached skill level 1 in Maces & Flails
   367 | D:4      | Reached skill level 1 in Polearms
   367 | D:4      | Reached skill level 1 in Staves
   367 | D:4      | Reached skill level 1 in Slings
   367 | D:4      | Reached skill level 1 in Bows
   367 | D:4      | Reached skill level 1 in Crossbows
   367 | D:4      | Reached skill level 1 in Throwing
   367 | D:4      | Reached skill level 1 in Armour
   367 | D:4      | Reached skill level 1 in Shields
   367 | D:4      | Reached skill level 1 in Unarmed Combat
   367 | D:4      | Reached skill level 1 in Invocations
   367 | D:4      | Reached skill level 1 in Evocations
   367 | D:4      | Reached XP level 4. HP: 31/32 MP: 8/11
   372 | D:4      | Learned a level 3 spell: Conjure Flame
   377 | D:4      | Learned a level 4 spell: Sticky Flame
   380 | D:4      | Found a staircase to the Ecumenical Temple.
   382 | D:4      | Noticed Duvessa
   397 | D:4      | Noticed Blork the orc
   397 | D:4      | Noticed Dowan
   400 | Temple   | Entered the Ecumenical Temple
   489 | D:4      | Killed Blork the orc
   489 | D:4      | Reached skill level 1 in Hexes
   489 | D:4      | Reached skill level 1 in Charms
   489 | D:4      | Reached skill level 1 in Summonings
   489 | D:4      | Reached skill level 1 in Necromancy
   489 | D:4      | Reached skill level 1 in Translocations
   489 | D:4      | Reached skill level 1 in Transmutations
   489 | D:4      | Reached skill level 1 in Ice Magic
   489 | D:4      | Reached skill level 1 in Air Magic
   489 | D:4      | Reached skill level 1 in Earth Magic
   489 | D:4      | Reached skill level 1 in Poison Magic
   489 | D:4      | Reached XP level 5. HP: 34/37 MP: 3/12
   492 | D:4      | Killed Duvessa
   492 | D:4      | Reached XP level 6. HP: 39/44 MP: 4/13
   495 | D:4      | Killed Dowan
   495 | D:4      | Reached skill level 2 in Invocations
   501 | D:4      | Reached skill level 5 in Dodging
   504 | D:4      | Reached skill level 2 in Fighting
   504 | D:4      | Reached skill level 2 in Short Blades
   504 | D:4      | Reached skill level 2 in Long Blades
   504 | D:4      | Reached skill level 2 in Axes
   504 | D:4      | Reached skill level 2 in Maces & Flails
   504 | D:4      | Reached skill level 2 in Polearms
   504 | D:4      | Reached skill level 2 in Staves
   504 | D:4      | Reached skill level 2 in Slings
   504 | D:4      | Reached skill level 2 in Bows
   504 | D:4      | Reached skill level 2 in Crossbows
   504 | D:4      | Reached skill level 2 in Throwing
   504 | D:4      | Reached skill level 2 in Armour
   504 | D:4      | Reached skill level 2 in Shields
   504 | D:4      | Reached skill level 2 in Unarmed Combat
   504 | D:4      | Reached skill level 2 in Evocations
   512 | D:4      | Reached XP level 7. HP: 28/50 MP: 2/15
   518 | D:4      | HP: 7/75 [something (2)]
   519 | D:4      | Slain by a wight

Skill      XL: |  1  2  3  4  5  6 |
---------------+-------------------+-----
Conjurations   | 2 |  2.7
Spellcasting   | 5 |  5.4
Fighting       | 1 2 |  2.1
Short Blades   | 1 2 |  2.1
Long Blades    | 1 2 |  2.1
Axes           | 1 2 |  2.1
Maces & Flails | 1 2 |  2.1
Polearms       | 1 2 |  2.1
Staves         | 1 2 |  2.1
Slings         | 1 2 |  2.1
Bows           | 1 2 |  2.1
Crossbows      | 1 2 |  2.1
Throwing       | 1 2 |  2.1
Armour         | 1 2 |  2.1
Shields        | 1 2 |  2.1
Unarmed Combat | 1 2 |  2.1
Invocations    | 1 2 |  2.4
Evocations     | 1 2 |  2.1
Hexes          | 1 |  1.7
Charms         | 1 |  1.7
Summonings     | 1 |  1.7
Necromancy     | 1 |  1.7
Translocations | 1 |  1.7
Transmutations | 1 |  1.7
Ice Magic      | 1 |  1.7
Air Magic      | 1 |  1.7
Earth Magic    | 1 |  1.7
Poison Magic   | 1 |  1.7
Dodging        | 5 |  5.1
Stealth        | |  4.7
Fire Magic     | |  5.7

Action                   |  1- 3 |  4- 6 |  7- 9 || total
-------------------------+-------+-------+-------++-------
Melee: Spear             |    17 |    24 |     7 ||    48
 Cast: Flame Tongue      |    22 |     1 |       ||    23
       Sticky Flame      |       |     3 |       ||     3
  Use: Potion            |       |     6 |       ||     6
       Scroll            |       |     2 |       ||     2
 Stab: Sleeping          |     3 |       |       ||     3
  Eat: Ration            |     1 |       |       ||     1
Armor: Leather armour    |     3 |     2 |     1 ||     6
       Skin              |       |   111 |       ||   111
Dodge: Dodged            |     6 |    26 |    13 ||    45

Table legend:
 A = Turns spent in this place as a percentage of turns spent in the entire game.
 B = Non-inter-level travel turns spent in this place as a percentage of non-inter-level travel turns spent in the entire game.
 C = Inter-level travel turns spent in this place as a percentage of turns spent in this place.
 D = Turns resting spent in this place as a percentage of non-inter-level travel turns spent in this place.
 E = Turns spent auto-exploring this place as a percentage of non-inter-level travel turns spent in this place.
 F = Non-inter-level travel turns spent in this place divided by the number of levels of this place that you've seen.
                   A       B       C       D       E      F
               +-------+-------+-------+-------+-------+----------------------
         Total | 100.0 | 100.0 |   1.9 |   0.0 |   0.0 | 101.8
       Dungeon |  85.2 |  86.8 |   0.0 |   0.0 |   0.0 | 110.5
        Temple |  14.8 |  13.2 |  13.0 |   0.0 |   0.0 |  67.0
               +-------+-------+-------+-------+-------+----------------------

Table legend:
 A = Kills in this place as a percentage of kills in entire the game.
 B = Kills by you in this place as a percentage of kills by you in the entire game.
 C = Kills by friends in this place as a percentage of kills by friends in the entire game.
 D = Other kills in this place as a percentage of other kills in the entire game.
 E = Experience gained in this place as a percentage of experience gained in the entire game.
 F = Experience gained in this place divided by the number of levels of this place that you have seen.
                   A       B       C       D       E      F
               +-------+-------+-------+-------+-------+----------------------
         Total | 100.0 | 100.0 |   N/A |   N/A | 100.0 | 126.8
       Dungeon | 100.0 | 100.0 |   N/A |   N/A | 100.0 | 158.5
               +-------+-------+-------+-------+-------+----------------------

Vault maps used:
D:1:      giann_wishing_wells, corexii_corridor_pit
D:2:      marbit_many_paths, fedhas_altar_1
D:3:      dk_vineyard_1, st_stairs_11
D:4:      minmay_temple_entry_glass, uniq_duvessa, uniq_blork_the_orc
Temple:   nicolae_temple_elliptical
